 Dungeon Crawl Stone Soup version 0.31-a0-460-g9e667d4245 (webtiles) character file.

Game seed: 9038796405997085183

2279 javelincjr the Fighter (level 9, -4/85 HPs)
             Began as a Minotaur Berserker on Aug 4, 2023.
             Was an Elder of Trog.
             Slain by an orc warrior
             ... wielding a +1 trident of venom
              (10 damage)
             ... on level 6 of the Dungeon.
             The game lasted 00:13:39 (4442 turns).

javelincjr the Fighter (Minotaur Berserker)         Turns: 4442, Time: 00:13:41

Health: -4/85      AC: 17    Str: 26    XL:     9   Next: 16%
Magic:  8/8        EV: 12    Int:  4    God:    Trog [****..]
Gold:   323        SH:  3    Dex: 10    Spells: 8/8 levels left

rFire   . . .        v - +2 hand axe (freeze)
rCold   . . .        B - +0 buckler
rNeg    . . .        w - +4 scale mail
rPois   .            (helmet restricted)
rElec   .            z - +0 cloak
rCorr   .            (no gloves)
SInv    .            (no boots)
Will    ++...        (no amulet) Stlth
                     d - +4 ring of protection
HPRegen 1.34/turn    l - +4 ring of slaying
MPRegen 0.11/turn

%: no passive effects
@: lethally poisoned (-4 -> -13), strong-willed, on berserk cooldown,
regenerating, slowed, very slow
A: horns 2, retaliatory headbutt
a: Renounce Religion, Berserk, Trog's Hand, Brothers in Arms


You were on level 6 of the Dungeon.
You worshipped Trog.
Trog was greatly pleased with you.
You visited 1 branch of the dungeon, and saw 6 of its levels.
You also visited: Sewer.

You collected 323 gold pieces.

Inventory:

Hand Weapons
 a - a +0 spear of freezing
 b - a +0 orcbow
 v - a +2 hand axe of freezing (weapon)
 H - a +4 spear
Missiles
 i - a curare-tipped dart
 k - 18 poisoned darts
 x - a throwing net
 A - 2 boomerangs
Armour
 w - a +4 scale mail (worn)
 z - a +0 cloak (worn)
 B - a +0 buckler (worn)
Jewellery
 d - a +4 ring of protection (left hand)
 l - a +4 ring of slaying (right hand)
 q - a +6 ring of dexterity
 D - a ring of magical power
 E - a +6 ring of dexterity
 I - a ring of see invisible
Wands
 G - a wand of mindburst (3)
Scrolls
 g - 3 scrolls of blinking {unknown}
 h - a scroll of brand weapon {unknown}
 j - 2 scrolls of poison {unknown}
 m - 2 scrolls of teleportation {unknown}
 n - a scroll of silence {unknown}
 o - 2 scrolls of fear {unknown}
 s - 2 scrolls of enchant armour {unknown}
 t - 2 scrolls of enchant weapon {unknown}
 u - 5 scrolls of identify {unknown}
 y - 2 scrolls of noise {unknown}
 C - a scroll of acquirement {unknown}
Potions
 c - 3 potions of curing {unknown}
 e - 6 potions of heal wounds {unknown}
 f - 2 potions of enlightenment {unknown}
 p - a potion of invisibility {unknown}
 r - 4 potions of haste {unknown}
 F - a potion of lignification {unknown}


   Skills:
 * Level 9.9 Fighting
 + Level 7.5 Axes
 + Level 7.0 Armour
 + Level 6.3 Dodging


You had 8 spell levels left.
You didn't know any spells.
Your spell library was empty.

Dungeon Overview and Level Annotations

Branches:
Dungeon (6/15)             Temple (0/1) D:5           Sewer (visited)

Altars:
Fedhas
Makhleb
Wu Jian

Shops:
D:1 (   D:5 *   D:6 =


Innate Abilities, Weirdness & Mutations

You have a pair of horns on your head.
You reflexively headbutt those who attack you in melee.


Message History

The puff of flame hits you.
You slash something! You freeze something. Trog accepts your kill.
Trog appreciates your killing of a magic user.
Reactivating autopickup.
You feel a bit more experienced.
You hit the orc warrior. You freeze the orc warrior.
You feel extremely sick.
The orc warrior hits you with a +1 trident of venom.
You are more poisoned.
The gnoll hits you but does no damage.
You barely miss the orc warrior. Your headbutt misses the orc warrior.
The orc warrior is severely wounded.
You feel extremely sick. The gnoll barely misses you.
The orc warrior hits you but does no damage.
You block the orc warrior's attack. The gnoll hits you but does no damage.
You feel extremely sick.
The orc warrior hits you but does no damage.
You are more poisoned.
The gnoll hits you with a +0 spear.
* * * LOW HITPOINT WARNING * * *
Things that are here:
a +0 dagger; a +0 robe Your skin crawls.
You feel strong-willed.
You feel extremely sick. The orc warrior barely misses you.
The gnoll hits you with a +0 spear.
* * * LOW HITPOINT WARNING * * *
The orc warrior hits you but does no damage.
You are lethally poisoned!
The gnoll misses you.
You hit the orc warrior but do no damage.
You headbutt the orc warrior.
The orc warrior is severely wounded.
You slash the gnoll! You freeze the gnoll.
* * * LOW HITPOINT WARNING * * *
You feel extremely sick.
The orc warrior hits you with a +1 trident of venom!
You die...

#......#..#
###..........#
#......#..#
#..#.#######
#......#..######..#...
# #.......##### #
#.####.## # #..).# #
#.#))# # .. #))# # #.
#@o# # # #.g......
###### .#.######
)<)..# .♣..# )###.# ..
..# .# #.# .< .♣. .#
#.# ... .. . .# #.#
.♣. .# .# #.#


You could see an orc warrior and a gnoll.

Vanquished Creatures
  A wyvern (D:6)
  A steam dragon (D:6)
  A water moccasin (D:6)
  A black bear (D:6)
  3 ogres
  2 phantoms
  2 kobold brigands (Sewer)
  A bullfrog (D:5)
  5 wights (D:6)
  A jelly (D:5)
  3 vampire bats (D:4)
  2 orc priests
  3 hounds
  2 gnoll boudas
  2 iguanas
  A sleepcap (D:4)
  An orc wizard (D:6)
  Terence (D:3)
  12 adders
  18 gnolls
  3 river rats
  A shadow imp (D:6)
  2 white imps (D:5)
  3 worms
  A dart slug (D:4)
  15 orcs
  11 ball pythons
  15 bats
  8 endoplasms
  4 giant cockroaches
  7 goblins
  10 hobgoblins
  8 jackals
  6 quokkas
  8 frilled lizards
  6 kobolds
  8 rats
179 creatures vanquished.

Notes
Turn   | Place    | Note
-------+----------+-------------------------------------------
     0 | D:1      | javelincjr the Minotaur Berserker began the quest for the
                  | Orb.
     0 | D:1      | Reached XP level 1. HP: 19/19 MP: 0/0
    81 | D:1      | Found a faded altar of an unknown god.
   193 | D:1      | Reached XP level 2. HP: 27/27 MP: 1/1
   376 | D:1      | Found Douthun's Antique Weapon Shoppe.
   465 | D:1      | Reached skill level 4 in Fighting
   736 | D:2      | Reached ** piety under Trog
   773 | D:2      | Reached XP level 3. HP: 33/33 MP: 2/2
  1301 | D:2      | Reached XP level 4. HP: 41/41 MP: 3/3
  1528 | D:3      | Noticed Terence
  1534 | D:3      | Killed Terence
  1543 | D:3      | Reached skill level 5 in Fighting
  1547 | D:3      | Reached XP level 5. HP: 43/48 MP: 4/4
  1661 | D:3      | Reached *** piety under Trog
  1741 | D:3      | Found a burning altar of Makhleb.
  2023 | D:4      | Reached XP level 6. HP: 54/57 MP: 5/5
  2025 | D:4      | Reached skill level 6 in Fighting
  2025 | D:4      | Reached skill level 5 in Axes
  2081 | D:4      | Found a glowing drain.
  2097 | Sewer    | Entered a sewer
  2160 | Sewer    | Reached XP level 7. HP: 64/64 MP: 6/6
  2515 | Sewer    | Reached **** piety under Trog
  2994 | D:4      | Reached skill level 7 in Fighting
  2994 | D:4      | Reached skill level 5 in Armour
  3028 | D:4      | Found an ornate altar of the Wu Jian Council.
  3131 | D:4      | Found a blossoming altar of Fedhas.
  3319 | D:5      | Entered Level 5 of the Dungeon
  3364 | D:5      | Found Ulasm's Overcharged Wands.
  3518 | D:5      | Found a staircase to the Ecumenical Temple.
  3674 | D:5      | Reached skill level 5 in Dodging
  3674 | D:5      | Reached XP level 8. HP: 68/74 MP: 7/7
  3763 | D:5      | Reached skill level 8 in Fighting
  4066 | D:6      | Reached skill level 9 in Fighting
  4159 | D:6      | Found Rumuter's Jewellery Emporium.
  4364 | D:6      | Reached XP level 9. HP: 80/84 MP: 8/8
  4442 | D:6      | Slain by an orc warrior

Illustrated notes

Levels and vault maps discovered:
D:1:      tarquinn_simple_flora_water_e, layout_rooms,
          ebering_ecumenical_altar_rust, serial_shops,
          nicolae_shop_tiny_waterfront, minmay_tree_intersection
D:2:      layout_basic, minmay_misc_feat_cross
D:3:      layout_rooms, lightli_temple_of_fire, uniq_terence
D:4:      layout_loops_cross, kennysheep_mini, kennysheep_mini_moat,
          portal_sewer_entry_b, roderic_batcave
D:5:      layout_basic, minmay_temple_entry_sparse_star, chequers_arboretum,
          nicolae_shop_overcharged_wands
D:6:      layout_basic, grunt_ministairs_2, nicolae_take_the_stairs,
          lightli_corner_chamber

Skill      XL: |  1  2  3  4  5  6  7  8  9 |
---------------+----------------------------+-----
Fighting       | 4 5 6 7 9 |  9.9
Axes           | 4 5 6 7 |  7.5
Armour         | 3 4 5 6 7 |  7.0
Dodging        | 3 4 5 6 |  6.3

Action                     |  1- 3 |  4- 6 |  7- 9 || total
---------------------------+-------+-------+-------++-------
  Melee: Hand axe          |    88 |    80 |   145 ||   313
         Headbutt          |    10 |    10 |    23 ||    43
         Punch             |     1 |       |       ||     1
 Invoke: Berserk           |     1 |     1 |     2 ||     4
         Trog's Hand       |       |       |     1 ||     1
 Armour: Animal skin       |    31 |       |       ||    31
         Ring mail         |     8 |    27 |       ||    35
         Scale mail        |       |    29 |    53 ||    82
  Dodge: Dodged            |    49 |    56 |    67 ||   172
  Block: Buckler           |       |     6 |    12 ||    18

Table legend: (Time is in decaauts)
 A = Elapsed time spent in this place.
 B = Non-inter-level travel time spent in this place.
 C = Inter-level travel time spent in this place.
 D = Time resting spent in this place.
 E = Time spent auto-exploring this place.
 F = Levels seen in this place.
 G = Mean time per level.
                   A        B        C        D        E       F      G
               +--------+--------+--------+--------+--------+-----+--------+
         Total |   4640 |   4389 |    251 |      0 |   3300 |   7 |  662.9 |
       Dungeon |   3810 |   3559 |    251 |      0 |   2721 |   6 |  635.0 |
         Sewer |    830 |    830 |      0 |      0 |    578 |   1 |  830.0 |
               +--------+--------+--------+--------+--------+-----+--------+

Top non-repeatable levels by time:
   Sewer: 830 daAuts
     D:2: 777 daAuts
     D:4: 751 daAuts
     D:1: 723 daAuts
     D:5: 672 daAuts
     D:6: 460 daAuts
     D:3: 425 daAuts
